 Dungeon Crawl Stone Soup version 0.30.1-4-g462c640d31 (webtiles) character file.

Game seed: 6830316318742071935

54 Heoruswealwe the Conjurer (level 3, -4/8 (19) HPs)
             Began as a Deep Elf Conjurer on Aug 11, 2023.
             Killed from afar by Grinder (12 damage)
             ... with a puff of flame
             ... on level 3 of the Dungeon.
             The game lasted 00:12:47 (1410 turns).

Heoruswealwe the Conjurer (Deep Elf Conjurer)       Turns: 1410, Time: 00:12:47

HP:   -4/8 (19)     AC:  2    Str:  4    XL:     3   Next: 66%
MP:   6/10          EV: 12    Int: 24    God:
Gold: 155           SH:  0    Dex: 13    Spells: 4/10 levels left

rFire   . . .        b - +0 rapier
rCold   . . .        (no shield)
rNeg    . . .        c - +0 robe
rPois   .            (no helmet)
rElec   .            (no cloak)
rCorr   .            (no gloves)
SInv    .            (no boots)
Will    .....        (no amulet)
Stlth   ++           (no ring)
HPRegen 0.21/turn    (no ring)
MPRegen 0.12/turn

%: no passive effects
@: extremely drained
A: no striking features
a: no special abilities


You were on level 3 of the Dungeon.
You visited 1 branch of the dungeon, and saw 3 of its levels.

You collected 155 gold pieces.

Inventory:

Hand Weapons
 b - a +0 rapier (weapon)
Armour
 c - a +0 robe (worn)
Scrolls
 i - a scroll of fog
Potions
 d - a potion of magic
 g - 2 potions of flight
 h - 2 potions of haste
 k - a potion of curing


   Skills:
 - Level 2.4 Dodging
 - Level 2.4 Stealth
 + Level 4.4 Spellcasting
 + Level 5.2 Conjurations


You had 4 spell levels left.
You knew the following spells:

 Your Spells              Type           Power      Damage    Failure   Level
a - Magic Dart            Conj           100%       1d8       1%          1
b - Searing Ray           Conj           60%        2d6       1%          2
c - Dazzling Flash        Conj/Hex       34%        N/A       10%         3

Your spell library contained the following spells:

 Spells                   Type           Power      Damage    Failure   Level
 Kiss of Death            Conj/Necr      68%        2d10      3%          1
 Confusing Touch          Hex            5%         N/A       28%         3
 Fulminant Prism          Conj/Hex       8%         3d6       32%         4
 Iskenderun's Mystic Bla  Conj/Tloc      17%        2d5       32%         4
 Dispel Undead            Necr           5%         3d7       67%         4


Dungeon Overview and Level Annotations

Branches:
Dungeon (3/15)

Altars:

Annotations:
D:3 Grinder


Message History

You now have 149 gold pieces (gained 18).
Found 6 gold pieces.
You now have 155 gold pieces (gained 6).
An adder comes into view.
The adder hisses angrily.
A ball python comes into view.
The magic dart hits the adder.
The adder is heavily wounded.
The magic dart hits the adder.
You kill the adder!
You can't see any susceptible monsters within range! (Use Z to cast anyway.)
You can't see any susceptible monsters within range! (Use Z to cast anyway.)
The magic dart hits the ball python!
You kill the ball python!
A dart slug comes into view.
The magic dart hits the dart slug.
The dart slug is heavily wounded.
The magic dart hits the dart slug.
You kill the dart slug!
Found a book of Touch.
You pick up a book of Touch and begin reading...
You add the spells Kiss of Death, Confusing Touch and Dispel Undead to your library.
Okay, then.
Grinder comes into view.
She is carrying a wand of flame (19).
Grinder shouts!
Casting: Magic Dart (safe; 1% risk of failure)
Confirm with . or Enter, or press ? or * to list all spells.
Aiming: Searing Ray (safe; 1% risk of failure)
Press: ? - help, Shift-Dir - straight line, f - Grinder
Aim: Grinder, carrying a wand of flame (19) (77% to hit)
The searing ray hits Grinder.
Grinder is lightly wounded. (Press . to maintain the ray.) Grinder gestures at you.
You resist with significant effort.
The searing ray hits Grinder!
Grinder is moderately wounded.
Grinder zaps a wand.
The puff of flame hits you!
Ouch! That really hurt!
You die...

##########
......5@.#
########.#
#.# ## #.#
..##.#
#.##.#
#.##.#
####.##.#
# #.
#.......#


You could see Grinder.

Vanquished Creatures
  2 adders
  2 dart slugs
  4 ball pythons
  A bat (D:2)
  3 endoplasms
  5 goblins
  3 hobgoblins (D:1)
  2 quokkas (D:1)
  5 frilled lizards (D:1)
  A kobold (D:3)
  A rat (D:2)
29 creatures vanquished.

Notes
Turn   | Place    | Note
-------+----------+-------------------------------------------
     0 | D:1      | Heoruswealwe the Deep Elf Conjurer began the quest for the
                  | Orb.
     0 | D:1      | Reached XP level 1. HP: 10/10 MP: 6/6
    81 | D:1      | Reached XP level 2. HP: 15/15 MP: 1/8
    84 | D:1      | Learned a level 2 spell: Searing Ray
   147 | D:1      | Found a faded altar of an unknown god.
   918 | D:2      | Reached skill level 5 in Conjurations
   918 | D:2      | Reached XP level 3. HP: 16/19 MP: 4/10
   922 | D:2      | Learned a level 3 spell: Dazzling Flash
  1407 | D:3      | Noticed Grinder
  1410 | D:3      | Killed from afar by Grinder

Illustrated notes

Levels and vault maps discovered:
D:1:      dpeg_arrival_pond, layout_rooms,
          hellmonk_ecumenical_altar_inner_sanctum, roderic_three_in_a_row,
          chequers_serial_rivers_large_a, amcnicky_mini_rare_corridor_liquid
D:2:      layout_loops_ring, nicolae_concentric_dashed_squares_wild,
          minivault_14, minmay_hedge_maze, hex_medium, minmay_misc_feat_plants
D:3:      layout_loops_ring, uniq_natasha, uniq_sigmund, uniq_grinder, uniq_ijyb

Skill      XL: |  1  2 |
---------------+-------+-----
Spellcasting   | 4 |  4.4
Conjurations   | 5 |  5.2
Dodging        | |  2.4
Stealth        | |  2.4

Action                     || total
---------------------------++-------
   Cast: Magic Dart        ||    47
         Searing Ray       ||     1
    Use: Scroll            ||     4
         Potion            ||     4
 Armour: Robe              ||     2
  Dodge: Dodged            ||     2
